 Dungeon Crawl Stone Soup version 0.28-b1-1-g3c77fb2ed1 (webtiles) character file.

Game seed: 14514676496917235596

64 pkoi the Shooter (level 3, -4/30 HPs)
             Began as a Minotaur Hunter on Jan 28, 2022.
             Slain by an ogre (8 damage)
             ... on level 4 of the Dungeon.
             The game lasted 00:03:03 (3543 turns).

pkoi the Shooter (Minotaur Hunter)                  Turns: 3543, Time: 00:03:03

Health: -4/30      AC:  8    Str: 18    XL:     3   Next: 91%
Magic:  2/2        EV: 11    Int:  8    God:
Gold:   112        SH:  0    Dex: 10    Spells: 2/2 levels left

rFire   . . .      SeeInvis +   a - +1 shortbow
rCold   . . .      Faith    .   (shield currently unavailable)
rNeg    . . .      Spirit   .   c - +0 leather armour
rPois   .          Reflect  .   (helmet restricted)
rElec   .          Harm     .   (no cloak)
rCorr   .          Rampage  .   q - +0 pair of gloves
Will    .....                   (no boots)
Stlth   +.........              (no amulet)
HPRegen 0.10/turn               m - +4 ring of protection
MPRegen 0.08/turn               l - ring of see invisible

@: no status effects
A: horns 2, retaliatory headbutt
a: no special abilities


You were on level 4 of the Dungeon.
You visited 1 branch of the dungeon, and saw 4 of its levels.

You collected 112 gold pieces.

Inventory:

Hand Weapons
 a - a +1 shortbow (weapon)
 b - a +0 short sword
Missiles
 d - 24 arrows (quivered ammo)
Armour
 c - a +0 leather armour (worn)
 q - a +0 pair of gloves (worn)
Jewellery
 g - a +6 ring of intelligence
 l - a ring of see invisible (right hand)
 m - a +4 ring of protection (left hand)
Scrolls
 e - 2 scrolls of teleportation {unknown}
 f - a scroll of amnesia
Potions
 h - a potion of haste
 i - a potion of attraction {unknown}
 j - 3 potions of curing
 k - a potion of ambrosia
 n - 2 potions of invisibility
 o - a potion of might {unknown}


   Skills:
 - Level 2.4 Fighting
 * Level 5.7 Bows
 - Level 2.1 Dodging
 - Level 1.6 Stealth


You had 2 spell levels left.
You didn't know any spells.
Your spell library contained the following spells:

 Spells                   Type           Power      Damage    Failure   Level
 Shock                    Conj/Air       0%         1d3       45%         1
 Call Canine Familiar     Summ           0%         N/A       83%         3
 Inner Flame              Hex/Fire       0%         N/A       83%         3
 Portal Projectile        Hex/Tloc       0%         N/A       83%         3
 Swiftness                Air            0%         N/A       83%         3
 Airstrike                Air            0%         N/A       99%         4
 Cause Fear               Hex            0%         N/A       99%         4
 Leda's Liquefaction      Hex/Erth       0%         N/A       99%         4
 Discord                  Hex            0%         N/A       100%        8


Dungeon Overview and Level Annotations

Branches:
Dungeon (4/15)
 Temple: D:4-7

Altars:
The Shining One

Annotations:
D:1 Terence


Innate Abilities, Weirdness & Mutations

You have a pair of horns on your head.
You reflexively headbutt those who attack you in melee.


Message History

You shoot an arrow. The arrow barely misses the ogre.
You shoot an arrow. The arrow hits the ogre.
The ogre is moderately wounded.
A hobgoblin comes into view.
You shoot an arrow. The arrow hits the ogre.
The ogre is heavily wounded.
You shoot an arrow. The arrow hits the ogre.
The ogre is heavily wounded.
The ogre hits you with a +0 giant spiked club!!
Ouch! That really hurt!
* * * LOW HITPOINT WARNING * * *
You are too injured to fight recklessly!
You are too injured to fight recklessly!
Fire: 28 arrows
Press: ? - help, Q - select action Shift-Dir - straight line, f/p - ogre
Aim: an ogre, wielding a +0 giant spiked club (heavily wounded, 75% to hit)
You shoot an arrow. The arrow hits the ogre.
The ogre is severely wounded.
The ogre barely misses you.
Fire: 27 arrows
Press: ? - help, Q - select action Shift-Dir - straight line, f/p - ogre
Aim: an ogre, wielding a +0 giant spiked club (severely wounded, 75% to hit)
You shoot an arrow.
The arrow hits the ogre but does no damage.
The ogre is severely wounded.
The ogre barely misses you.
Fire: 26 arrows
Press: ? - help, Q - select action Shift-Dir - straight line, f/p - ogre
Aim: an ogre, wielding a +0 giant spiked club (severely wounded, 75% to hit)
You shoot an arrow. The arrow hits the ogre.
The ogre is severely wounded.
A quokka comes into view.
The quokka moves out of view.
Fire: 25 arrows
Press: ? - help, Q - select action Shift-Dir - straight line, f/p - ogre
Aim: an ogre, wielding a +0 giant spiked club (severely wounded, 75% to hit)
You shoot an arrow. The arrow hits the ogre.
The ogre is severely wounded.
The ogre hits you with a +0 giant spiked club!
You die...

. #.# (. ##.#
.(.###..#
........#
#...(...#
#..((.##
##.###g## #..
##O## ##.#
##@## ##..#
##.## #...#
##..# #...##
###..##
##.<..###..###
#........###
#.......##
###..#### ##.#


You could see an ogre and a hobgoblin.

Vanquished Creatures
  An adder (D:3)
  3 dart slugs
  An orc (D:3)
  5 endoplasms
  2 giant cockroaches (D:1)
  3 goblins
  5 hobgoblins (D:1)
  4 jackals (D:1)
  3 quokkas
  7 ball pythons
  3 bats
  4 frilled lizards
  A kobold (D:3)
  3 rats (D:1)
45 creatures vanquished.

Notes
Turn   | Place    | Note
-------+----------+-------------------------------------------
     0 | D:1      | pkoi the Minotaur Hunter began the quest for the Orb.
     0 | D:1      | Reached XP level 1. HP: 18/18 MP: 0/0
    88 | D:1      | Reached skill level 1 in Stealth
    94 | D:1      | Reached XP level 2. HP: 16/25 MP: 1/1
   469 | D:1      | Reached skill level 5 in Bows
   904 | D:1      | Reached XP level 3. HP: 30/30 MP: 2/2
  1247 | D:2      | Found a faded altar of an unknown god.
  1265 | D:2      | Found a glowing golden altar of the Shining One.
  1563 | D:2      | Noticed Terence
  3529 | D:4      | Noticed an ogre
  3543 | D:4      | Slain by an ogre

Illustrated notes

Levels and vault maps discovered:
D:1:      erik_arrival_blinker_ship, layout_loops_cross
D:2:      layout_loops_cross, basic_altar, shapermc_ecumenical_altar_notcrosses,
          minivault_5, hangedman_decor_push, nrook_mini_backslash, uniq_terence
D:3:      minmay_door_path, layout_basic, minmay_misc_feat_cross
D:4:      layout_layer_cave, chequers_serial_rivers_micro_e

Skill      XL: |  1  2 |
---------------+-------+-----
Stealth        | 1 |  1.6
Bows           | 5 |  5.7
Fighting       | |  2.4
Dodging        | |  2.1

Action                   || total
-------------------------++-------
Melee: Short sword       ||   104
       Headbutt          ||    10
 Fire: Shortbow          ||    16
  Use: Scroll            ||     8
 Stab: Sleeping          ||     1
Armor: Leather armour    ||    47
Dodge: Dodged            ||    81
